Map: Acid Plant LE

Players

CinDra

  • Race: Zerg Zerg
  • League: Silver
  • Spawn Location: 5:00

Sacred - Winner!

  • Race: Terran Terran
  • League: Silver
  • Spawn Location: 11:00

VOD

Have the link to the VOD?

Description

Time

  • Played on: Feb. 11, 2018, 1:07 a.m.
  • Length: 21:28
Show
View Real Time Build Order
Export as new Build Order

CinDra Zerg 

Build Orders: Hatch First 

Get SALT Encoding   

  12  0:01  Drone  
  13  0:14  Overlord  
  13  0:17  Drone  
  14  0:32  Drone  
  14  0:34  Drone  
  16  0:44  Drone  
  17  0:56  Hatchery  
  16  1:03  Drone  
  17  1:10  Spawning Pool  
  16  1:13  Drone  
  17  1:23  Drone  
  18  1:37  Drone  
  19  1:41  Extractor, Drone  
  19  1:51  Drone  
  20  1:57  Queen  
  22  2:02  Overlord  
  22  2:09  Overlord  
  22  2:13  Drone  
  23  2:19  Drone  
  23  2:20  Queen  
  25  2:23  Zergling x2  
  26  2:33  Drone x2  
  28  2:40  Drone  
  29  2:44  Extractor  
  28  3:16  Roach Warren  
  28  3:17  Drone x3  
  28  3:19  Drone  
  35  3:20  Drone x5  
  36  3:28  Zergling x2  
  36  3:34  Zergling x2  
  38  3:42  Queen  
  38  3:43  Overlord  
  38  3:44  Overlord  
  38  3:45  Drone x2  
  42  3:57  Zergling x4  
  42  3:58  Overlord x2  
  44  4:02  Extractor  
  44  4:03  Extractor  
  44  4:06  Metabolic Boost  
  42  4:10  Pneumatized Carapace  
  42  4:19  Lair  
  42  4:31  Drone  
  42  4:32  Drone x9  
  52  4:40  Drone x2  
  54  4:56  Roach x2  
  58  5:20  Drone x3  
  58  5:21  Drone x3  
  63  5:22  Overlord  
  63  5:24  Overlord  
  64  5:41  Zergling x2, Roach x7  
  79  5:59  Spire  
  78  6:05  Drone  
  78  6:06  Drone x3  
  82  6:37  Roach x4  
  82  6:38  Overlord x5  
  82  6:39  Overlord  
  90  6:53  Roach, Hatchery  
  91  7:14  Mutalisk  
  91  7:15  Mutalisk x10  
  113  7:26  Drone  
  114  7:39  Drone x3  
  117  8:15  Drone  
  117  8:16  Drone x12  
  130  8:26  Mutalisk x3, Zerg Flyer Weapons Level 1  
  132  8:28  Evolution Chamber, Overlord  
  135  8:35  Evolution Chamber  
  134  8:42  Extractor  
  134  8:45  Extractor  
  132  8:55  Drone x5  
  136  8:56  Drone x2, Mutalisk x3  
  136  8:57  Mutalisk x4  
  153  9:06  Overseer  
  153  9:21  Overseer x2  
  153  9:22  Overseer  
  153  9:37  Overlord  
  153  9:38  Overlord x14  
  153  9:44  Zerg Missile Weapons Level 1, Zerg Ground Armor Level 1  
  152  10:20  Zerg Flyer Armor Level 1  
  83  11:22  Roach x12  
  107  11:28  Hatchery  
  106  11:35  Infestation Pit  
  105  11:55  Roach x5  
  115  12:01  Zergling x4  
  115  12:02  Zergling x8, Baneling Nest  
  120  12:24  Zergling x6  
  123  12:30  Hive  
  123  12:40  Queen  
  127  12:44  Roach x4  
  127  12:45  Roach x4  
  127  12:46  Roach  
  143  12:53  Zerg Missile Weapons Level 2  
  143  12:54  Zerg Ground Armor Level 2  
  143  12:55  Zerg Flyer Armor Level 2  
  143  13:10  Mutalisk x7  
  157  13:52  Ultralisk Cavern  
  157  13:54  Baneling x12  
  157  13:55  Baneling x5  
  156  14:02  Drone x10  
  166  14:09  Drone  
  167  14:10  Drone x9  
  176  14:36  Hatchery  
  175  15:00  Corruptor  
  175  15:01  Corruptor x6  
  189  15:07  Extractor  
  189  15:09  Extractor  
  189  15:11  Chitinous Plating, Zerg Flyer Weapons Level 2  
  187  15:45  Mutalisk x3  
  193  16:06  Queen  
  195  16:35  Roach x2  
  199  16:46  Zergling x2  
  200  17:27  Extractor  
  199  17:34  Extractor  
  199  17:36  Roach  
  190  18:01  Roach  
  190  18:02  Roach x10  
  190  18:03  Roach x10  
  200  18:12  Zerg Missile Weapons Level 3  
  200  18:13  Zerg Ground Armor Level 3  
  200  18:16  Zerg Flyer Weapons Level 3  
  200  18:21  Adrenal Glands  
  104  19:17  Roach  
  104  19:18  Roach x14  
  104  19:19  Roach x17  
  132  19:31  Overseer  
  132  19:32  Overseer x7  
  132  19:42  Glial Reconstitution  
  132  20:08  Hatchery  
  84  20:38  Roach  
  84  20:39  Roach x4  
  84  20:40  Zergling x10  
  84  20:41  Zergling x16  
Show
View Real Time Build Order
Export as new Build Order

Sacred Terran - Winner!

Build Orders: MMM Bio 

Get SALT Encoding   

  12  0:01  SCV  
  13  0:13  SCV  
  14  0:25  Supply Depot  
  14  0:27  SCV  
  15  0:31  Refinery  
  15  0:47  SCV  
  15  0:49  Barracks  
  16  1:03  SCV  
  16  1:04  Supply Depot  
  17  1:15  SCV  
  18  1:27  SCV  
  19  1:39  SCV  
  20  1:40  Reaper  
  21  1:47  Refinery  
  22  1:55  Orbital Command  
  21  2:08  Command Center  
  21  2:18  Barracks Reactor  
  21  2:28  SCV  
  22  2:40  SCV  
  23  2:44  Factory  
  23  3:09  Marine  
  23  3:10  Marine  
  25  3:13  SCV  
  26  3:22  Orbital Command  
  26  3:25  SCV  
  27  3:27  Marine x2  
  27  3:33  Widow Mine  
  31  3:43  Supply Depot  
  31  3:44  Supply Depot  
  31  3:45  SCV, Marine x2  
  34  3:54  Widow Mine  
  36  3:57  SCV  
  37  4:03  Marine x2  
  37  4:08  Orbital Command  
  39  4:15  Widow Mine  
  41  4:23  Marine  
  41  4:24  Marine  
  43  4:35  Starport  
  43  4:37  Widow Mine  
  45  4:41  SCV, Marine x2  
  45  4:44  SCV  
  49  4:53  SCV  
  49  4:56  SCV  
  49  4:58  Widow Mine  
  53  5:01  Marine x2  
  53  5:05  SCV  
  56  5:07  Barracks x2  
  56  5:09  SCV  
  57  5:17  SCV  
  57  5:21  SCV, Starport Reactor  
  59  5:26  Factory Tech Lab  
  59  5:29  SCV  
  59  5:33  SCV  
  61  5:42  Engineering Bay x2  
  61  5:45  SCV  
  62  5:56  Barracks Tech Lab  
  62  5:57  Barracks Tech Lab  
  62  6:06  Supply Depot x2  
  62  6:19  Supply Depot  
  62  6:20  Supply Depot  
  62  6:24  Missile Turret  
  62  6:27  Medivac x2, Marine x2  
  62  6:28  Siege Tank  
  71  6:35  Missile Turret  
  71  6:39  Missile Turret  
  71  6:41  Missile Turret, Marauder  
  71  6:42  Marauder  
  71  6:43  Combat Shields  
  71  6:44  Stimpack  
  71  6:45  Marine x2  
  77  6:47  SCV  
  77  6:49  SCV  
  79  6:59  SCV  
  80  7:01  SCV  
  80  7:03  Marauder x2  
  80  7:04  Marine  
  80  7:05  Marine  
  80  7:06  Command Center  
  87  7:11  SCV  
  87  7:13  SCV  
  87  7:14  Terran Infantry Weapons Level 1  
  87  7:15  Terran Infantry Armor Level 1  
  89  7:22  Medivac  
  91  7:23  SCV, Medivac  
  94  7:55  Supply Depot  
  94  7:57  Supply Depot  
  94  7:58  Supply Depot  
  94  8:00  Supply Depot  
  94  8:02  Concussive Shells  
  94  8:11  Refinery  
  94  8:12  Refinery  
  94  8:17  Siege Tank, SCV, Marine x2, Marauder x2  
  104  8:22  Orbital Command  
  104  8:26  Sensor Tower  
  104  8:29  SCV  
  105  8:34  Command Center  
  105  8:35  Marine  
  105  8:38  Marine  
  105  8:40  Marauder  
  111  8:41  Marauder  
  111  8:52  SCV  
  111  8:53  SCV x2, Marine  
  115  9:01  Missile Turret  
  115  9:04  Missile Turret, SCV  
  115  9:05  SCV  
  115  9:06  SCV  
  118  9:16  SCV  
  119  9:17  SCV  
  119  9:18  SCV  
  119  9:22  Marine x2  
  123  9:26  Siege Tank  
  123  9:30  Viking  
  123  9:31  Viking  
  130  9:37  SCV  
  131  9:40  Marine  
  132  9:49  SCV  
  133  9:52  Missile Turret  
  133  10:01  SCV  
  134  10:12  Missile Turret  
  134  10:13  Command Center  
  134  10:14  Command Center  
  128  10:32  Missile Turret  
  123  10:47  Marine  
  123  10:48  Marine, Marauder x2  
  120  10:55  Missile Turret  
  120  10:56  Missile Turret  
  120  10:57  Missile Turret  
  113  11:00  Missile Turret  
  104  11:05  Marine x2  
  104  11:08  Viking x2  
  104  11:09  Marine  
  111  11:14  Armory  
  111  11:15  Armory  
  111  11:17  Missile Turret  
  111  11:20  Missile Turret  
  111  11:24  Missile Turret  
  111  11:25  Marine x2, Marauder  
  115  11:26  Missile Turret  
  115  11:27  Marauder  
  117  11:33  Siege Tank  
  117  11:38  Viking x2  
  124  11:42  Marine  
  124  11:43  Marine  
  124  11:46  Missile Turret  
  126  11:47  Missile Turret  
  126  11:55  Missile Turret  
  126  11:58  Missile Turret  
  126  11:59  Missile Turret x2  
  126  12:00  Missile Turret  
  126  12:08  Missile Turret, SCV  
  126  12:09  Missile Turret  
  127  12:19  Missile Turret x2  
  127  12:21  Missile Turret  
  127  12:31  Missile Turret  
  127  12:34  Missile Turret  
  127  12:42  Terran Vehicle Weapons Level 1  
  127  12:44  Terran Vehicle And Ship Armor Level 1  
  127  12:46  Viking x2  
  127  12:49  Terran Infantry Weapons Level 2  
  131  12:53  Terran Infantry Armor Level 2  
  131  13:01  Orbital Command  
  130  13:17  Marine x2, Marauder x2  
  136  13:24  Thor  
  136  13:25  Command Center  
  142  13:34  Marine x2  
  142  13:37  Marine  
  142  13:38  Refinery x2, Marine  
  146  13:44  Missile Turret  
  146  13:52  Missile Turret x3, Marine x2  
  148  13:55  Marine  
  148  13:57  Missile Turret x2  
  149  14:04  Missile Turret  
  149  14:06  Missile Turret  
  149  14:09  Missile Turret  
  149  14:10  Planetary Fortress  
  149  14:26  Starport  
  149  14:28  Thor  
  155  14:33  Marine x2, Marauder x2  
  160  14:51  Marine x2  
  161  15:04  Orbital Command  
  161  15:05  Hi-Sec Auto Tracking  
  161  15:09  Marine  
  162  15:26  Sensor Tower  
  162  15:29  Missile Turret  
  162  15:31  Starport Tech Lab, Missile Turret  
  162  15:32  Missile Turret x2, Viking x2  
  162  15:33  Missile Turret  
  162  15:34  Building Armor, Missile Turret x2  
  162  15:35  Missile Turret x2  
  166  15:39  Terran Ship Weapons Level 1  
  166  15:40  Missile Turret  
  166  15:41  Terran Vehicle Weapons Level 2  
  166  15:53  Marine x2, Marauder x2  
  172  16:11  Marine  
  173  16:23  Refinery  
  173  16:26  Refinery  
  172  16:37  Thor  
  178  16:58  Supply Depot  
  178  17:19  SCV  
  178  17:21  Supply Depot  
  179  17:41  Barracks  
  179  17:42  Raven, Barracks, Viking x2  
  179  17:43  SCV  
  186  17:44  Barracks  
  186  17:55  SCV  
  187  18:13  Corvid Reactor  
  187  18:32  Supply Depot, Sensor Tower  
  187  18:54  SCV x2, Raven, Viking x2  
  195  18:56  Barracks Tech Lab  
  195  18:57  Barracks Tech Lab  
  195  18:59  Marine x2  
  195  19:01  Marauder x2  
  192  19:06  SCV  
  132  19:17  Marine  
  132  19:18  Marine  
  132  19:19  Marine, Marauder x2  
  132  19:22  Marine x2  
  141  19:35  Marine  
  141  19:36  Marine x2  
  141  19:37  Command Center  
  144  19:41  SCV x4  
  148  19:53  SCV  
  149  20:05  Command Center  
  149  20:17  Liberator  
  138  20:29  Marine x2  
  138  20:30  Marine x2, Marauder x2  
  138  20:31  Thor  
  120  20:49  Ghost Academy  
  115  20:50  Ghost Academy  
  115  20:53  Ghost Academy  
  106  21:07  Marine x3  
  106  21:08  Marine x2  
Tags
 
Composition
MMM Bio
Matchup
TvZ
Spawn Locations
Cross Positions
Add a new tag
Caveats
  • Supply blocks, unpowered buildings, or Contaminate may cause inaccurate times.
  • Supply counts are checked every 10 seconds.